 Dungeon Crawl Stone Soup version 0.32-a0-779-g362cfcae2a (webtiles) character file.

Game seed: 12879904352428351321

3292 ChaoticPyre the Basher (level 9, 0/68 HPs)
             Began as a Demonspawn Gladiator on Mar 17, 2024.
             Was a Priest of Trog.
             Slain by a killer bee (7 damage)
             ... on level 8 of the Dungeon on Mar 19, 2024.
             The game lasted 00:24:55 (6911 turns).

ChaoticPyre the Basher (Demonspawn Gladiator)       Turns: 6911, Time: 00:24:56

Health: 0/68       AC: 18    Str: 18    XL:     9   Next: 69%
Magic:  9/9        EV:  5    Int:  8    God:    Trog [***...]
Gold:   513        SH:  5    Dex: 16    Spells: 8/8 levels left

rFire   + . .        l - +0 dire flail
rCold   + + .        (shield currently unavailable)
rNeg    . . .        r - +1 plate armour
rPois   +            c - +0 helmet
rElec   +            (no cloak)
rCorr   +            (no gloves)
SInv    +            n - +0 pair of boots
Will    .....        f - amulet of reflection Stlth
                     g - ring of protection from cold
HPRegen 0.31/turn    x - ring of see invisible
MPRegen 0.11/turn

%: reflection
@: lethally poisoned (0 -> -7), resistant, wreathed by umbra
A: hooves 2, yellow scales 1, foul shadow 1, camouflage 1, see invisible
a: Renounce Religion, Berserk, Trog's Hand


You were on level 8 of the Dungeon.
You worshipped Trog.
Trog was most pleased with you.
You visited 1 branch of the dungeon, and saw 9 of its levels.

You collected 513 gold pieces.

Inventory:

Hand Weapons
 a - a +1 flail
 l - a +0 dire flail (weapon)
Missiles
 d - 3 throwing nets (quivered)
 e - 3 javelins
 i - 3 boomerangs
 m - 19 poisoned darts
Armour
 c - a +0 helmet (worn)
 n - a +0 pair of boots (worn)
 r - a +1 plate armour (worn)
Jewellery
 f - an amulet of reflection (around neck)
 g - a ring of protection from cold (left hand)
 x - a ring of see invisible (right hand)
Wands
 o - a wand of light (3)
Scrolls
 j - a scroll of torment
 q - 3 scrolls of poison
 w - a scroll of enchant weapon
Potions
 h - a potion of enlightenment
 k - a potion of curing
 s - 2 potions of cancellation
 t - 2 potions of might
 u - a potion of mutation


   Skills:
 + Level 5.5 Fighting
 + Level 9.2 Maces & Flails
 + Level 1.9 Throwing
 * Level 6.9 Armour
 - Level 2.6 Dodging
 + Level 3.0 Shields


You had 8 spell levels left.
You didn't know any spells.
Your spell library contained the following spells:

 Spells                   Type           Power      Damage    Failure   Level
 Magic Dart               Conj           0%         1d3       100%        1
 Blink                    Tloc           0%         N/A       100%        2
 Call Imp                 Summ           0%         N/A       100%        2
 Lesser Beckoning         Tloc           0%         N/A       100%        2
 Gell's Gravitas          Tloc           0%         N/A       100%        3
 Inner Flame              Hex/Fire       0%         N/A       100%        3
 Teleport Other           Tloc           0%         N/A       100%        3
 Tukima's Dance           Hex            0%         N/A       100%        3
 Dimensional Bullseye     Hex/Tloc       0%         N/A       100%        4
 Iskenderun's Mystic Bla  Conj/Tloc      0%         2d3       100%        4
 Irradiate                Conj/Alch      0%         3d11      100%        5
 Ignition                 Fire           0%         3d3       100%        8


Dungeon Overview and Level Annotations

Branches:
Dungeon (9/15)             Temple (0/1) D:4
   Lair: D:8-11         Orc: D:9-12

Altars:
Cheibriados
Kikubaaqudgha
Nemelex Xobeh
Trog
Uskayaw
Wu Jian


Innate Abilities, Weirdness & Mutations

You have hoof-like feet.
You are partially covered in yellow scales. (AC +2)
You are faintly shadowed, very rarely releasing foul flame when damaged in melee.
Your skin changes colour to match your surroundings (Stealth+).
You have supernaturally acute eyesight. (SInv)


Message History

You block the arrow with an invisible shield... and reflect it back!
The arrow hits the centaur!
You kill the centaur!
Trog accepts your kill.
There is a stone staircase leading down here.
The white imp gestures at you. The puff of frost hits you. You resist.
* * * LOW HITPOINT WARNING * * *
You climb downwards.
The killer bee buzzes angrily. x4; The water moccasin hisses angrily.
Found a potion of heal wounds and 4 poisoned darts.
There is a stone staircase leading up here.
Okay, then.
The killer bee stings you.
* * * LOW HITPOINT WARNING * * *
The killer bee is seared by the foul flame within you.
The killer bee is moderately wounded.
The killer bee stings you but does no damage.
You climb upwards.
There is a stone staircase leading down here.
The white imp gestures at you. The puff of frost hits you. You resist.
* * * LOW HITPOINT WARNING * * *
The killer bee stings you.
* * * LOW HITPOINT WARNING * * *
There is an open door here.
You feel better. The killer bee stings you.
* * * LOW HITPOINT WARNING * * *
The killer bee stings you but does no damage. x2
The killer bee stings you.
* * * LOW HITPOINT WARNING * * *
You are lethally poisoned!
The killer bee poisons you!
You feel protected.
* * * LOW HITPOINT WARNING * * *
You feel very sick. The killer bee barely misses you.
The killer bee stings you but does no damage.
The killer bee stings you!
You die...

#..####.. #.. ..#.#
#...#.#.# .###..#.#.#
..........# ####..#)..#
##.+.5.#
##############[..#
#............@y..#
#............#y..#####
####....................#
...#....................#
.<..###########.........#
...## #.........# ...#
#.........# ...#
#.........# ####
#.......>.#


You could see 2 killer bees and a white imp.

Vanquished Creatures
  Pikel (D:5)
  Jeremiah (D:7)
  Sigmund (D:3)
  A steam dragon (D:8)
  3 sky beasts (D:7)
  2 black bears
  2 orc warriors
  2 ice beasts
  3 ogres
  4 centaurs
  A kobold brigand (D:5)
  A bullfrog (D:6)
  A scorpion (D:5)
  A bombardier beetle (D:5)
  A hound (D:4)
  3 orc priests
  A gnoll bouda (D:4)
  4 iguanas
  6 orc wizards
  Robin (D:3)
  12 gnolls
  4 adders
  2 shadow imps
  A dart slug (D:1)
  3 ribbon worms
  21 orcs
  6 endoplasms
  4 giant cockroaches
  13 goblins
  6 hobgoblins
  3 kobolds
  3 quokkas
  4 ball pythons
  5 bats
  3 frilled lizards
  A rat (D:2)
131 creatures vanquished.

Vanquished Creatures (others)
  An arcanist (D:3)
1 creature vanquished.

Grand Total: 132 creatures vanquished

Notes
Turn   | Place    | Note
-------+----------+-------------------------------------------
     0 | D:1      | ChaoticPyre the Demonspawn Gladiator began the quest for
                  | the Orb.
     0 | D:1      | Reached XP level 1. HP: 16/16 MP: 1/1
   254 | D:1      | Found a faded altar of an unknown god.
   763 | D:2      | Reached skill level 3 in Maces & Flails
   763 | D:2      | Gained mutation: You are partially covered in yellow
                  | scales. (AC +2) [demonic ancestry]
   763 | D:2      | Reached XP level 2. HP: 20/22 MP: 2/2
  1048 | D:2      | Gained mutation: You are faintly shadowed, very rarely
                  | releasing foul flame when damaged in melee. [demonic
                  | ancestry]
  1048 | D:2      | Reached XP level 3. HP: 25/27 MP: 3/3
  1524 | D:3      | Reached skill level 1 in Armour
  1597 | D:3      | Noticed Sigmund
  1609 | D:3      | Found a bloodstained altar of Trog.
  1614 | D:3      | Noticed a wizard
  1617 | D:3      | Killed a wizard
  1619 | D:3      | Became a worshipper of Trog the Wrathful
  1680 | D:3      | Reached XP level 4. HP: 34/34 MP: 4/4
  1683 | D:3      | Noticed Robin
  1698 | D:3      | Killed Robin
  1699 | D:3      | Reached skill level 4 in Maces & Flails
  1899 | D:3      | Killed Sigmund
  1900 | D:3      | Reached skill level 1 in Shields
  1900 | D:3      | Reached XP level 5. HP: 3/40 MP: 5/5
  2129 | D:3      | Identified the +2 short sword "Faif Boe" {flame, Int+3}
  2172 | D:3      | Gained mutation: You have large cloven feet. [demonic
                  | ancestry]
  2172 | D:3      | Reached XP level 6. HP: 42/46 MP: 6/6
  2612 | D:5      | Entered Level 5 of the Dungeon
  2713 | D:4      | Reached skill level 5 in Maces & Flails
  2714 | D:4      | Reached * piety under Trog
  2752 | D:4      | Upgraded the game from 0.32-a0-747-gc8563f6773 to
                  | 0.32-a0-779-g362cfcae2a
  3124 | D:4      | Found a staircase to the Ecumenical Temple.
  3579 | D:5      | Gained mutation: You have hoof-like feet. [demonic
                  | ancestry]
  3579 | D:5      | Reached XP level 7. HP: 41/52 MP: 7/7
  3627 | D:5      | Noticed Pikel
  3641 | D:5      | Killed Pikel
  3642 | D:5      | Reached skill level 6 in Maces & Flails
  3642 | D:5      | Reached XP level 8. HP: 60/60 MP: 8/8
  3980 | D:5      | Reached skill level 5 in Armour
  4199 | D:5      | Reached skill level 7 in Maces & Flails
  4360 | D:5      | Reached ** piety under Trog
  5243 | D:6      | Reached XP level 9. HP: 66/66 MP: 9/9
  5263 | D:6      | Reached skill level 8 in Maces & Flails
  5728 | D:7      | Found a snail-covered altar of Cheibriados.
  5963 | D:7      | Noticed Jeremiah
  5981 | D:7      | Killed Jeremiah
  5982 | D:7      | Reached skill level 5 in Fighting
  6234 | D:7      | Found an ornate altar of the Wu Jian Council.
  6235 | D:7      | Found an ancient bone altar of Kikubaaqudgha.
  6240 | D:7      | Found a hide-covered altar of Uskayaw.
  6243 | D:7      | Found a sparkling altar of Nemelex Xobeh.
  6771 | D:7      | Gained mutation: Your skin changes colour to match your
                  | surroundings (Stealth+). [potion of mutation]
  6771 | D:7      | Gained mutation: You have supernaturally acute eyesight.
                  | (SInv) [potion of mutation]
  6886 | D:8      | Reached skill level 9 in Maces & Flails
  6904 | D:8      | Reached *** piety under Trog
  6911 | D:8      | Slain by a killer bee

Illustrated notes

Levels and vault maps discovered:
D:1:      elethiomel_arrival_quiet, layout_loops_ring, basic_ecumenical_altar,
          serial_park_tiny_1
D:2:      layout_loops_ring, minmay_between
D:3:      layout_loops_ring, trog_wizard, minmay_hedge_maze, minivault_14,
          uniq_sigmund, uniq_robin
D:4:      layout_basic, temple_pool_b
D:5:      layout_basic, lemuel_coloured_pillars_altar, uniq_pikel
D:6:      layout_loops_cross
D:7:      layout_loops_corners, slow_altar_2,
          nicolae_overflow_macrodata_refinement, uniq_jeremiah
D:8:      layout_basic, kennysheep_mini_moat
D:9:      layout_roguey, mainiacjoe_overflow_concentric_impassable,
          hellmonk_lair_entry_icy, ploomutoo_gammafunk_ghost_potion_laboratory,
          uniq_maggie

Skill      XL: |  1  2  3  4  5  6  7  8  9 |
---------------+----------------------------+-----
Maces & Flails | 3 4 5 6 7 9 |  9.2
Armour         | 1 2 3 4 6 |  6.9
Shields        | 1 2 3 |  3.0
Fighting       | 3 4 5 |  5.5
Throwing       | |  1.9
Dodging        | |  2.6

Action                     |  1- 3 |  4- 6 |  7- 9 || total
---------------------------+-------+-------+-------++-------
  Melee: Flail             |   132 |   136 |    47 ||   315
         Dire flail        |       |       |   248 ||   248
 Invoke: Berserk           |       |     2 |     3 ||     5
    Use: Scroll            |     4 |     3 |     7 ||    14
         Potion            |     4 |     2 |     7 ||    13
 Armour: Ring mail         |    58 |   122 |    24 ||   204
         Plate armour      |       |       |   190 ||   190
  Dodge: Dodged            |    56 |    80 |    99 ||   235
  Block: Other             |    15 |    29 |    47 ||    91
         Reflection        |       |       |     6 ||     6

Table legend: (Time is in decaauts)
 A = Elapsed time spent in this place.
 B = Non-inter-level travel time spent in this place.
 C = Inter-level travel time spent in this place.
 D = Time resting spent in this place.
 E = Time spent auto-exploring this place.
 F = Levels seen in this place.
 G = Mean time per level.
                   A        B        C        D        E       F      G
               +--------+--------+--------+--------+--------+-----+--------+
         Total |   6973 |   6790 |    183 |    503 |   4767 |   9 |  774.8 |
       Dungeon |   6973 |   6790 |    183 |    503 |   4767 |   9 |  774.8 |
               +--------+--------+--------+--------+--------+-----+--------+

Top non-repeatable levels by time:
     D:5: 1335 daAuts
     D:7: 1249 daAuts
     D:3: 1077 daAuts
     D:4: 1024 daAuts
     D:2: 777 daAuts
     D:1: 756 daAuts
     D:6: 690 daAuts
     D:8: 60 daAuts
     D:9: 1 daAuts
